AoeStats
← Leão

Arabia

504996211Analyzed
1v1 RM · 24d ago on Sep 7, 2026· 44m 29s· 2 players
Game mode
Random Map
Map size
Tiny (2 player)
Population
200
Speed
Normal
Resources
Standard
Victory
Conquest
Starting age
Dark Age
Ending age
Imperial Age
RankedLock teamsTeams togetherTeam positionsShared explorationLock speedFull tech treeHidden civsTurbo modeCheats
Victory
Defeat
🇧🇷 Vikings · Brazil
1261
+18
🇧🇷 Magyars · Brazil
1311
-18
Leão
7:29 Loom
9:45 Feudal Age
12:39 Double-Bit Axe
18:12 Fletching
23:27 Castle Age
21:55 Scale Barding Armor
22:03 Bloodlines
21:45 Horse Collar
23:42 Padded Archer Armor
24:49 Bow Saw
25:27 Bodkin Arrow
25:13 Elite Skirmisher
31:40 Wheelbarrow
37:58 Hand Cart
37:28 Town Watch
37:45 Gold Mining
39:22 Leather Archer Armor
39:30 Chain Barding Armor
39:36 Husbandry
42:54 Imperial Age
43:37 Gold Shaft Mining
43:38 Cavalier
44:54 Plate Barding Armor
Tramonta
10:19 Loom
12:35 Feudal Age
13:02 Double-Bit Axe
12:58 Horse Collar
17:56 Fletching
21:20 Castle Age
21:32 Padded Archer Armor
21:57 Bodkin Arrow
21:33 Crossbowman
24:00 Bow Saw
25:08 Heavy Plow
25:53 Leather Archer Armor
29:21 Scale Barding Armor
31:00 Chain Barding Armor
35:51 Imperial Age
33:59 Gold Mining
35:28 Forging
36:02 Town Watch
36:53 Iron Casting
36:48 Bracer
36:09 Arbalester
38:09 Ring Archer Armor
38:01 Ballistics
39:18 Chemistry
42:04 Blast Furnace
41:06 Scale Mail Armor
41:18 Gambesons
41:33 Squires
41:18 Arson
42:59 Two-Man Saw
42:29 Crop Rotation
42:08 Siege Engineers
41:55 Light Cavalry
43:27 Conscription
44:07 Chain Mail Armor
44:56 Bogsveigar
Connection lost

Rejoining the realm…

Still unreachable

The connection could not be restored.

Session expired

The server has moved on; the page needs a fresh start.